cohdb
Replays
Latest Replays
All Replays
Popular Replays
Top Player Replays
Match Explorer
How It Works
Community
CoH3 Stats
Reddit
Sign in to upload your games and track your stats! →
Sign in with Steam
Match 41844698
Unlisted
Match 41844698
Overview
Messages
Build Orders
End
Royal Engineer Section
Royal Engineer Section
Construct Section Command Post
Vickers Machine Gun Team
Infantry Section
Construct Platoon Command Post
Selects Heavy Armor Battlegroup
Construct Field Infirmary
Selects Engineer Detachments
Royal Engineer Section
Infantry Section
Unlock M3 Stuart Light Tanks
M3 Stuart Light Tank
Construct Company Command Post
Foot Guards Section
Selects Light Vehicle Withdraw and Refit
Crusader II Medium Tank
Selects Radio Net
Crusader II Medium Tank
Grenade Package
Royal Engineer Section
Crusader II Medium Tank
Selects Recon Artillery
Infantry Training
Selects Forward Repair Assembly
Unlock M3 Grant Medium Tanks
Infantry Section
Royal Engineer Section
Unlock Towed 17-pounder Anti-tank Guns
17-pounder Anti-tank Gun Team
Crusader II Medium Tank
Recon Artillery
Royal Engineer Section
Crusader II Medium Tank
只愛❤毛妹
Uwe Berger
0
0
Comments
sign in to comment!
No comments posted yet!